 Dungeon Crawl Stone Soup version 0.30-a0-691-g754fce4c43 (webtiles) character file.

Game seed: 17117701364258949362

5359 Newt the Skirmisher (level 10, -8/60 HPs)
             Began as a Kobold Hunter on Jan 19, 2023.
             Mangled by a polar bear (16 damage)
             ... on level 1 of the Lair of Beasts.
             The game lasted 00:13:23 (11840 turns).

Newt the Skirmisher (Kobold Hunter)                Turns: 11840, Time: 00:13:23

Health: -8/60      AC: 16    Str:  9    XL:     10   Next: 97%
Magic:  15/17      EV: 17    Int: 11    God:
Gold:   412        SH:  4    Dex: 22    Spells: 13/19 levels left

rFire   + . .      SeeInvis .    s - +0 sling (freeze)
rCold   x . .      Faith    .    u - +0 buckler
rNeg    . . .      Spirit   .    c - +0 leather armour
rPois   .          Reflect  .    z - +2 hat {Stlth+}
rElec   .          Harm     .    d - +2 cloak
rCorr   .          Rampage  .    B - +0 pair of gloves
Will    .....                    e - +2 pair of boots
Stlth   +++++                    (no amulet)
HPRegen 0.30/turn                x - +4 ring of protection
MPRegen 0.15/turn                h - ring of fire

@: no status effects
A: small, no large weapons, nightstalker 3
a: no special abilities


You were on level 1 of the Lair of Beasts.
You visited 2 branches of the dungeon, and saw 9 of its levels.

You collected 412 gold pieces.

Inventory:

Hand Weapons
 a - a +1 shortbow
 s - a +0 sling of freezing (weapon)
Armour
 c - a +0 leather armour (worn)
 d - a +2 cloak (worn)
 e - a +2 pair of boots (worn)
 u - a +0 buckler (worn)
 z - a +2 hat of stealth (worn)
 B - a +0 pair of gloves (worn)
Jewellery
 h - a ring of fire (right hand)
 p - a ring of resist corrosion
 x - a +4 ring of protection (left hand)
Wands
 y - a wand of flame (15)
Scrolls
 b - a scroll of immolation
 f - 3 scrolls of blinking
 g - 2 scrolls of teleportation
 j - a scroll of amnesia
 o - a scroll of torment
 q - a scroll of poison
 t - a scroll of enchant armour
 C - a scroll of fear
Potions
 k - 3 potions of degeneration
 l - 2 potions of brilliance
 m - a potion of cancellation {unknown}
 n - 3 potions of attraction {unknown}
 r - 2 potions of might {unknown}
 v - 4 potions of curing
 w - a potion of flight {unknown}
 A - 4 potions of mutation {unknown}


   Skills:
 - Level 6.0 Fighting
 - Level 11.0 Ranged Weapons
 - Level 6.0 Dodging
 - Level 4.0 Stealth
 - Level 5.0 Spellcasting
 - Level 8.7 Hexes
 - Level 5.0 Fire Magic
 + Level 1.7 Evocations


You had 13 spell levels left.
You knew the following spells:

 Your Spells              Type           Power      Damage    Failure   Level
a - Inner Flame           Hex/Fire       26%        N/A       9%          3
b - Confusing Touch       Hex            21%        N/A       4%          3

Your spell library contained the following spells:

 Spells                   Type           Power      Damage    Failure   Level
 Cause Fear               Hex            10%        N/A       13%         4
 Kiss of Death            Conj/Necr      8%         2d6       43%         1
 Magic Dart               Conj           8%         1d3       43%         1
 Searing Ray              Conj           4%         2d4       56%         2
 Fulminant Prism          Conj/Hex       6%         3d7       61%         4
 Dispel Undead            Necr           2%         3d7       99%         4
 Discord                  Hex            10%        N/A       100%        8


Dungeon Overview and Level Annotations

Branches:
Dungeon (8/15)             Temple (0/1) D:6            Lair (1/5) D:8

Altars:
Ashenzari
Fedhas
The Shining One


Innate Abilities, Weirdness & Mutations

You are small and have problems with some larger weapons.
You are completely attuned to the shadows.


Message History

Fire: s) +0 sling (freeze)
Press: ? - help, Q - select action, (/) - cycle Shift-Dir - straight line, f/p - polar bear
Aim: a polar bear (severely wounded, berserk, inner flame, 75% to hit)
You shoot a sling bullet.
The sling bullet hits the polar bear but does no damage.
The polar bear is severely wounded.
The polar bear closely misses you. The polar bear barely misses you.
The polar bear misses you.
Unknown command.
Unknown command.
Fire: s) +0 sling (freeze)
Press: ? - help, Q - select action, (/) - cycle Shift-Dir - straight line, f/p - polar bear
Aim: a polar bear (severely wounded, berserk, inner flame, 75% to hit)
You shoot a sling bullet. The sling bullet hits the polar bear.
Flame seeps out of the polar bear.
The sling bullet freezes the polar bear.
Flame seeps out of the polar bear.
The polar bear is almost dead.
The polar bear is engulfed in blazing flames.
Flame seeps out of the polar bear.
The polar bear misses you. You block the polar bear's attack.
The polar bear barely misses you.
Unknown command.
Blink to where?
Press: ? - help, Dir - move target, p - polar bear
As you read the scroll of blinking, it crumbles to dust.
A yak comes into view.
Fire: s) +0 sling (freeze)
Press: ? - help, Q - select action, (/) - cycle Shift-Dir - straight line, f - polar bear
Aim: a polar bear (almost dead, berserk, inner flame, 75% to hit)
You shoot a sling bullet.
The sling bullet hits the polar bear but does no damage.
The polar bear is almost dead.
Fire: s) +0 sling (freeze)
Press: ? - help, Q - select action, (/) - cycle Shift-Dir - straight line, f/p - polar bear
Aim: a polar bear (almost dead, berserk, inner flame, 75% to hit)
You shoot a sling bullet.
The sling bullet completely misses the polar bear.
A yak comes into view.
The polar bear bites you!
You die...

Y..# #.... #Y..#
#+###.... .#..
....@h..#####.P..
........§..?.....
.........~..†....
.......~≈≈~.<.~..
.......≈≈≈≈~.~≈..
...≈≈≈≈≈~≈≈≈~
~≈≈≈≈≈≈~~
~≈≈≈≈≈≈≈.


You could see a polar bear (berserk, inner flame) and 2 yaks.

Vanquished Creatures
  A rime drake (Lair:1)
  A komodo dragon (D:8)
  A spriggan (D:8)
  11 yaks
  Eustachio (D:4)
  An acid dragon (D:8)
  A water moccasin (Lair:1)
  2 orc warriors
  An ice beast (D:6)
  3 black bears
  An ogre (D:7)
  2 centaurs (D:8)
  A phantom (D:6)
  3 bullfrogs
  A necrophage (D:5)
  A scorpion (D:5)
  7 killer bees (D:8)
  A howler monkey (D:5)
  3 orc priests
  6 hounds
  4 jellies
  6 iguanas
  11 orc wizards
  Terence (D:3)
  13 gnolls
  13 adders
  A shadow imp (D:6)
  2 ufetubi
  3 dart slugs
  31 orcs
  6 bats
  9 endoplasms
  5 giant cockroaches (D:1)
  8 goblins
  7 hobgoblins
  6 jackals (D:1)
  3 quokkas
  10 ball pythons
  3 frilled lizards
  6 kobolds
  4 rats
201 creatures vanquished.

Vanquished Creatures (others)
  3 plants (D:1)
3 creatures vanquished.

Grand Total: 204 creatures vanquished

Notes
Turn   | Place    | Note
-------+----------+-------------------------------------------
     0 | D:1      | Newt the Kobold Hunter began the quest for the Orb.
     0 | D:1      | Reached XP level 1. HP: 12/12 MP: 1/1
    78 | D:1      | Reached XP level 2. HP: 17/17 MP: 2/2
   319 | D:1      | Reached XP level 3. HP: 15/21 MP: 3/3
   670 | D:1      | Reached XP level 4. HP: 28/28 MP: 4/4
  1378 | D:2      | You fall into a shaft and drop 1 floor!
  1937 | D:2      | Reached XP level 5. HP: 33/33 MP: 5/5
  2082 | D:3      | Reached skill level 6 in Ranged Weapons
  2375 | D:3      | Reached skill level 7 in Ranged Weapons
  2376 | D:3      | Reached XP level 6. HP: 38/38 MP: 6/6
  2525 | D:3      | Found a blossoming altar of Fedhas.
  2642 | D:3      | Noticed Terence
  2654 | D:3      | Killed Terence
  2667 | D:3      | Reached skill level 8 in Ranged Weapons
  3524 | D:4      | Reached XP level 7. HP: 43/43 MP: 7/7
  3621 | D:4      | Noticed Eustachio
  3634 | D:4      | Killed Eustachio
  3635 | D:4      | Reached skill level 9 in Ranged Weapons
  3743 | D:4      | HP: 2/43 [something (2)]
  3746 | D:4      | Reached skill level 5 in Dodging
  4805 | D:5      | Entered Level 5 of the Dungeon
  4839 | D:5      | Reached XP level 8. HP: 38/48 MP: 8/8
  5068 | D:5      | Reached skill level 5 in Fighting
  5699 | D:5      | Reached skill level 10 in Ranged Weapons
  5903 | D:5      | Found a glowing golden altar of the Shining One.
  6185 | D:6      | Reached XP level 9. HP: 48/55 MP: 9/9
  6187 | D:6      | Reached skill level 11 in Ranged Weapons
  6240 | D:6      | Reached skill level 1 in Spellcasting
  6240 | D:6      | Reached skill level 1 in Hexes
  6240 | D:6      | Reached skill level 1 in Fire Magic
  6391 | D:6      | Found a staircase to the Ecumenical Temple.
  6451 | D:6      | Found a broken altar of Ashenzari.
  7433 | D:6      | Learned a level 3 spell: Inner Flame
  8331 | D:8      | Reached XP level 10. HP: 60/60 MP: 16/16
  8759 | D:8      | Noticed a boulder beetle
  9163 | D:8      | Learned a level 3 spell: Confusing Touch
  9402 | D:8      | Found a staircase to the Lair.
  9454 | D:8      | Reached skill level 5 in Spellcasting
  9454 | D:8      | Reached skill level 5 in Fire Magic
  9509 | D:8      | Reached skill level 5 in Hexes
  9597 | D:8      | Identified the +8 plate armour of Protective Custody {-Cast
                  | rC+++ Dex+4}
  9771 | Lair:1   | Entered Level 1 of the Lair of Beasts
 10490 | Lair:1   | Noticed a rime drake
 10521 | Lair:1   | Killed a rime drake
 10722 | Lair:1   | Noticed a komodo dragon
 10738 | D:8      | Killed a komodo dragon
 11800 | Lair:1   | Reached skill level 1 in Evocations
 11840 | Lair:1   | Mangled by a polar bear

Illustrated notes

Levels and vault maps discovered:
D:1:      eino_arrival_druids_welcome, layout_basic
D:2:      layout_loops_corners
D:3:      layout_rooms, fedhas_altar_1, uniq_terence
D:4:      layout_gridville, uniq_eustachio
D:5:      layout_loops_ring, mainiacjoe_overflow_brackets, nicolae_half_adder
D:6:      layout_rooms, evilmike_ruin_ashenzari, minmay_temple_entry_metal_lava
D:7:      layout_basic, chequers_serial_rivers_micro_a
D:8:      layout_basic, lair_entry_dummy, serial_curves, eino_curves_02,
          eino_curves_01, the_hattery
Lair:1:   layout_regular_city, lemuel_fruit_fields, infiniplex_staircase_pool

Skill      XL: |  1  2  3  4  5  6  7  8  9 10 |
---------------+-------------------------------+-----
Stealth        | 2 3 4 |  4.0
Fighting       | 3 4 6 |  6.0
Ranged Weapons | 7 8 9 10 11 | 11.0
Dodging        | 6 |  6.0
Spellcasting   | 4 5 |  5.0
Hexes          | 4 8 |  8.7
Fire Magic     | 4 5 |  5.0
Evocations     | 1 |  1.7

Action                   |  1- 3 |  4- 6 |  7- 9 | 10-12 || total
-------------------------+-------+-------+-------+-------++-------
Melee: Shortbow          |       |     2 |     2 |       ||     4
       Sling             |       |       |     6 |       ||     6
 Fire: Shortbow          |    71 |   180 |   170 |       ||   421
       Sling             |       |       |   258 |   227 ||   485
Throw: Throwing net      |       |       |       |     1 ||     1
 Cast: Inner Flame       |       |       |     1 |     9 ||    10
       Confusing Touch   |       |       |       |     1 ||     1
Evoke: Wand              |       |       |       |     4 ||     4
  Use: Scroll            |       |     5 |     4 |     7 ||    16
       Potion            |       |       |     2 |     3 ||     5
Armor: Leather armour    |     7 |    31 |    85 |    61 ||   184
Dodge: Dodged            |    32 |    94 |   229 |   149 ||   504
Block: Buckler           |       |       |    18 |    44 ||    62

Table legend: (Time is in decaauts)
 A = Elapsed time spent in this place.
 B = Non-inter-level travel time spent in this place.
 C = Inter-level travel time spent in this place.
 D = Time resting spent in this place.
 E = Time spent auto-exploring this place.
 F = Levels seen in this place.
 G = Mean time per level.
                   A        B        C        D        E       F      G
               +--------+--------+--------+--------+--------+-----+--------+
         Total |  11919 |  11552 |    367 |   3694 |   6251 |   9 | 1324.3 |
       Dungeon |  11594 |  11229 |    365 |   3493 |   6249 |   8 | 1449.2 |
          Lair |    324 |    322 |      2 |    201 |      2 |   1 |  324.0 |
               +--------+--------+--------+--------+--------+-----+--------+

Top non-repeatable levels by time:
     D:8: 3025 daAuts
     D:4: 1669 daAuts
     D:7: 1485 daAuts
     D:3: 1264 daAuts
     D:5: 1214 daAuts
     D:1: 1077 daAuts
     D:2: 968 daAuts
     D:6: 890 daAuts
  Lair:1: 324 daAuts
